 Dungeon Crawl Stone Soup version 0.30-a0-718-geaa24f58ff (webtiles) character file.

Game seed: 16580654723463256218

308 demibob the Ruffian (level 6, -11/51 HPs)
             Began as a Ghoul Monk on Jan 26, 2023.
             Mangled by Edmund
             ... wielding a +1 flail of holy wrath
              (13 damage)
             ... on level 4 of the Dungeon.
             The game lasted 00:04:31 (2205 turns).

demibob the Ruffian (Ghoul Monk)                    Turns: 2205, Time: 00:04:32

Health: -11/51     AC:  2    Str: 21    XL:     6   Next: 40%
Magic:  5/5        EV: 12    Int:  5    God:
Gold:   437        SH:  0    Dex: 13    Spells: 5/5 levels left

rFire   . . .      SeeInvis .      - Unarmed
rCold   + . .      Faith    .    (no shield)
rNeg    + + +      Spirit   .    a - +0 robe
rPois   ∞          Reflect  .    (no helmet)
rElec   .          Harm     .    (no cloak)
rCorr   .          Rampage  .    (no gloves)
Will    .....                    (no boots)
Stlth   ++                       c - amulet of the acrobat
HPRegen 0.00/turn                S - +6 ring of strength
MPRegen 0.09/turn                (no ring)

@: inhibited regen
A: claws 1, cold resistance 1, negative energy resistance 3, inhibited
regeneration, torment resistance 2, devour on kill
a: no special abilities


You were on level 4 of the Dungeon.
You visited 1 branch of the dungeon, and saw 4 of its levels.

You collected 437 gold pieces.


Innate Abilities, Weirdness & Mutations

You are immune to poison.
You have sharp fingernails.
Your flesh is cold resistant. (rC+)
You are immune to negative energy. (rN+++)
You do not regenerate when monsters are visible.
You are immune to unholy pain and torment.
You thrive by killing the living.


   Skills:
 - Level 3.2 Fighting
 - Level 2.6 Dodging
 - Level 2.1 Stealth
 + Level 7.7 Unarmed Combat


You had 5 spell levels left.
You didn't know any spells.
Your spell library contained the following spells:

 Spells                   Type           Power      Damage    Failure   Level
 Cause Fear               Hex            0%         N/A       99%         4
 Dragon's Call            Summ           0%         N/A       100%        9
 Dragon Form              Tmut           Unusable   N/A       N/A         7

Inventory:

Missiles
 j - 2 atropa-tipped darts (quivered)
Armour
 a - a +0 robe (worn)
 k - a +1 helmet
Jewellery
 c - an amulet of the acrobat (around neck)
 S - a +6 ring of strength (left claw)
Potions
 b - 2 potions of ambrosia
 d - a potion of attraction {unknown}
 e - 2 potions of curing {@q1}
 f - a potion of haste {unknown}
 g - a potion of mutation {unknown}
 l - a potion of brilliance {unknown}

Dungeon Overview and Level Annotations

Branches:
Dungeon (4/15)
 Temple: D:4-7

Altars:
Wu Jian

Annotations:
D:4 Edmund

#.....<.<..#
#.###.####.#
#.# #.# #.#
#.# #.# #.#
.######.# #.#
#.# ........#
#.# #.#
#+#▒.##.# #.#
#.# # #.# #.#
#.# #.# #@#
#.# #.# #@#
▒#.###)##
#..##..$###.#
#+#.........#
##....#####
#'#▒.#
#...#.#
#...#+#


You could see Edmund.


Message History

Edmund is moderately wounded.
Edmund barely misses you.
You scratch Edmund but do no damage.
Edmund is moderately wounded.
Edmund hits you with a +1 flail of holy wrath.
* * * LOW HITPOINT WARNING * * *
You convulse.
* * * LOW HITPOINT WARNING * * *
You completely miss Edmund.
Edmund is moderately wounded.
Edmund closely misses you.
You scratch Edmund.
Edmund is heavily wounded.
Edmund hits you with a +1 flail of holy wrath.
* * * LOW HITPOINT WARNING * * *
You convulse.
* * * LOW HITPOINT WARNING * * *
You barely miss Edmund. Your claw misses Edmund.
Edmund is heavily wounded.
You closely miss Edmund.
Edmund is heavily wounded.
Edmund hits you with a +1 flail of holy wrath!
* * * LOW HITPOINT WARNING * * *
You convulse.
* * * LOW HITPOINT WARNING * * *
You feel better.
Edmund hits you with a +1 flail of holy wrath!
* * * LOW HITPOINT WARNING * * *
You convulse!
You die...

Skill      XL: |  1  2  3  4  5 |
---------------+----------------+-----
Unarmed Combat | 4 5 6 7 |  7.7
Fighting       | |  3.2
Dodging        | |  2.6
Stealth        | |  2.1

Action                     |  1- 3 |  4- 6 || total
---------------------------+-------+-------++-------
  Melee: Unarmed           |    84 |   172 ||   256
         Punch             |     2 |     4 ||     6
  Throw: Dart              |       |     2 ||     2
    Use: Scroll            |       |     4 ||     4
         Potion            |       |     4 ||     4
   Stab: Sleeping          |     2 |     2 ||     4
 Armour: Robe              |    12 |    24 ||    36
  Dodge: Dodged            |    38 |   101 ||   139

Levels and vault maps discovered:
D:1:      tekkud_arrival_beachfront_property, layout_rooms,
          shapermc_ecumenical_altar_mp_highgroup
D:2:      layout_rooms, minmay_tetromino_t2
D:3:      layout_basic, nicolae_wu_jian_wuxing_cycle, uniq_pargi
D:4:      nicolae_cairo_tiling_large, layout_loops_ring, portal_sewer_entry_b,
          minmay_bisected, uniq_robin, uniq_edmund, uniq_sigmund

Notes
Turn   | Place    | Note
-------+----------+-------------------------------------------
     0 | D:1      | demibob the Ghoul Monk began the quest for the Orb.
     0 | D:1      | Reached XP level 1. HP: 19/19 MP: 0/0
    42 | D:1      | Reached XP level 2. HP: 26/26 MP: 1/1
    43 | D:1      | Reached skill level 4 in Unarmed Combat
   241 | D:1      | Reached XP level 3. HP: 25/31 MP: 2/2
   410 | D:1      | Found a faded altar of an unknown god.
   697 | D:2      | Reached skill level 5 in Unarmed Combat
   786 | D:2      | Reached XP level 4. HP: 38/38 MP: 3/3
  1162 | D:3      | Found an ornate altar of the Wu Jian Council.
  1183 | D:3      | Reached skill level 6 in Unarmed Combat
  1191 | D:3      | Reached XP level 5. HP: 23/45 MP: 4/4
  1313 | D:3      | Noticed Pargi
  1317 | D:3      | Identified a scroll of acquirement
  1317 | D:3      | Acquired 341 gold pieces
  1322 | D:3      | Killed Pargi
  1323 | D:3      | Reached skill level 7 in Unarmed Combat
  1361 | D:3      | Reached XP level 6. HP: 29/51 MP: 5/5
  2168 | D:4      | Noticed Edmund
  2204 | D:4      | HP: 5/51 [Edmund/+1 flail of holy wrath (8)]
  2204 | D:4      | HP: 1/51 [Edmund/+1 flail of holy wrath (4)]
  2205 | D:4      | Mangled by Edmund

Vanquished Creatures
  Pargi (D:3)
  A scorpion (D:3)
  3 adders
  3 worms
  9 orcs
  4 ball pythons
  11 endoplasms
  A giant cockroach (D:1)
  13 goblins
  6 hobgoblins
  6 jackals (D:1)
  6 kobolds
  4 quokkas
  7 bats
  A frilled lizard (D:1)
  7 rats
83 creatures vanquished.

Vanquished Creatures (others)
  An orc wizard (D:3)
1 creature vanquished.

Grand Total: 84 creatures vanquished

Table legend: (Time is in decaauts)
 A = Elapsed time spent in this place.
 B = Non-inter-level travel time spent in this place.
 C = Inter-level travel time spent in this place.
 D = Time resting spent in this place.
 E = Time spent auto-exploring this place.
 F = Levels seen in this place.
 G = Mean time per level.
                   A        B        C        D        E       F      G
               +--------+--------+--------+--------+--------+-----+--------+
         Total |   2177 |   2133 |     44 |      1 |   1625 |   4 |  544.2 |
       Dungeon |   2177 |   2133 |     44 |      1 |   1625 |   4 |  544.2 |
               +--------+--------+--------+--------+--------+-----+--------+

Top non-repeatable levels by time:
     D:3: 963 daAuts
     D:1: 662 daAuts
     D:2: 488 daAuts
     D:4: 63 daAuts

Table legend:
 A = Non-vault XP
 B = Vault XP
 C = Vault XP percentage of total XP
 D = Non-vault monster count
 E = Vault monster count
 F = Vault count percentage of total count
                 A         B        C        D         E       F
            +---------+---------+-------+---------+---------+-------
      Total |     301 |     140 |  31.7 |      81 |       3 |   3.6
            +---------+---------+-------+---------+---------+-------
        D:1 |      50 |       0 |   0.0 |      27 |       0 |   0.0
        D:2 |      74 |       4 |   5.1 |      27 |       2 |   6.9
        D:3 |     162 |     136 |  45.6 |      22 |       1 |   4.3
        D:4 |      15 |       0 |   0.0 |       5 |       0 |   0.0
            +---------+---------+-------+---------+---------+-------
